 Dungeon Crawl Stone Soup version 0.29.1-1-gd02db6906a (webtiles) character file.

Game seed: 10812087060507072476

339 KamiKatze the Conjurer (level 6, -3/36 HPs)
             Began as an Octopode Conjurer on Sept 25, 2022.
             Was an Initiate of Vehumet.
             Slain by Edmund
             ... wielding a +2 flail of protection
              (8 damage)
             ... on level 3 of the Dungeon.
             The game lasted 00:13:56 (2989 turns).

KamiKatze the Conjurer (Octopode Conjurer)          Turns: 2989, Time: 00:13:57

Health: -3/36      AC:  1    Str:  8    XL:     6   Next: 55%
Magic:  3/11       EV: 13    Int: 23    God:    Vehumet [......]
Gold:   215        SH:  0    Dex: 10    Spells: 1/12 levels left

rFire   . . .      SeeInvis .   k - +8 spear "Spiderbane" {vorpal, rElec rC+ Str+2}
rCold   + . .      Faith    .   (no shield)
rNeg    . . .      Spirit   .   (helmet restricted)
rPois   .          Reflect  .   (no amulet)
rElec   +          Harm     .   (no ring)
rCorr   .          Rampage  .   (no ring)
Will    .....                   (no ring)
Stlth   +++.......              (no ring)
HPRegen 0.12/turn               (no ring)
MPRegen 0.12/turn               (no ring)
                                (no ring)
                                (no ring)

@: no status effects
A: almost no armour, amphibious, 8 rings, camouflage 1, gelatinous body 1,
(nimble swimmer 1), tentacles
a: Renounce Religion


You were on level 3 of the Dungeon.
You worshipped Vehumet.
Vehumet was noncommittal.
You visited 1 branch of the dungeon, and saw 4 of its levels.

You collected 215 gold pieces.

Inventory:

Hand Weapons
 d - a +0 dagger
 k - the +8 spear "Spiderbane" (weapon) {vorpal, rElec rC+ Str+2}
   (You found it on level 2 of the Dungeon)

   It inflicts extra damage upon your enemies.
   Str:       It affects your strength (+2).
   rC:        It protects you from cold.
   rElec:     It insulates you from electricity.
Missiles
 i - 5 poisoned darts (quivered)
Magical Staves
 f - a staff of fire
Jewellery
 c - a ring of ice
Wands
 g - a wand of mindburst (8)
 o - a wand of roots (11)
Scrolls
 e - 2 scrolls of identify
 l - a scroll of enchant weapon
 m - a scroll of immolation
 n - a scroll of fear {unknown}
 p - 3 scrolls of fog {unknown}
 q - 2 scrolls of blinking {unknown}
 t - a scroll of brand weapon {unknown}
Potions
 a - a potion of magic
 b - a potion of resistance
 h - 2 potions of might
 j - a potion of cancellation


   Skills:
 - Level 3.0 Dodging
 - Level 4.0 Stealth
 * Level 3.9 Spellcasting
 + Level 4.7 Conjurations
 + Level 2.0 Hexes
 + Level 2.0 Translocations


You had one spell level left.
You knew the following spells:

 Your Spells              Type           Power      Damage    Failure   Level
a - Magic Dart            Conj           100%       1d8       1%          1
b - Searing Ray           Conj           52%        2d6       2%          2
c - Fulminant Prism       Conj/Hex       10%        3d9       26%         4
d - Iskenderun's Mystic   Conj/Tloc      20%        2d6       26%         4

Your spell library contained the following spells:

 Spells                   Type           Power      Damage    Failure   Level
 Dazzling Flash           Conj/Hex       40%        N/A       8%          3
 Conjure Flame            Conj/Fire      15%        6-21      12%         3
 Portal Projectile        Hex/Tloc       28%        N/A       14%         3
 Sublimation of Blood     Necr           4%         N/A       16%         2
 Wereblood                Tmut           4%         N/A       16%         2
 Call Canine Familiar     Summ           4%         N/A       32%         3
 Ignite Poison            Fire/Tmut/Pois 4%         N/A       32%         3
 Sticky Flame             Conj/Fire      15%        2d4       36%         4
 Leda's Liquefaction      Hex/Erth       4%         N/A       56%         4
 Summon Hydra             Summ           2%         N/A       100%        7


Dungeon Overview and Level Annotations

Branches:
Dungeon (4/15)
 Temple: D:4-7

Altars:
Gozag
Vehumet

Annotations:
D:3 Edmund
D:4 Pikel, Robin


Innate Abilities, Weirdness & Mutations

You cannot wear most types of armour.
You are amphibious.
You can wear up to eight rings at the same time.
Your skin changes colour to match your surroundings (Stealth+).
Your rubbery body absorbs attacks. (AC +1, EV +1)
((You are camouflaged when in or above water. (Stealth+)))
You have tentacles for arms and can constrict up to eight enemies at once.


Message History

The blast of energy engulfs Edmund!
Edmund is moderately wounded.
You hear a shout! x8; You hear an angry hiss.
Unknown command.
Casting: Fulminant Prism (extremely dangerous; 26% risk of failure)
Confirm with . or Enter, or press ? or * to list all spells.
Aiming: Searing Ray (safe; 2% risk of failure)
Press: ? - help, Shift-Dir - straight line, f - Edmund
Aim: Edmund, wielding a +2 flail of protection and wearing a +2 ring mail of fire resistance (moderately wounded, 82% to hit)
The searing ray hits Edmund.
Edmund is moderately wounded. (Press . to maintain the ray.)
The searing ray hits Edmund!
Edmund is heavily wounded.
The searing ray hits Edmund but does no damage.
Edmund is heavily wounded.
A black bear comes into view.
The searing ray hits Edmund.
Edmund is heavily wounded.
You finish channelling your searing ray.
Edmund hits you with a +2 flail of protection.
Unknown command.
Edmund says, "A flail is better than a scythe, any day of the week!"
Edmund hits you with a +2 flail of protection!
You climb upwards.
There is a stone staircase leading down here.
You hit Edmund. Your grab misses Edmund.
Edmund is severely wounded.
Edmund barely misses you.
You barely miss Edmund. You grab Edmund.
Edmund is severely wounded.
You constrict Edmund.
Edmund hits you with a +2 flail of protection!
* * * LOW HITPOINT WARNING * * *
You hit Edmund. You squeeze Edmund, but do no damage.
Edmund is severely wounded.
You constrict Edmund, but do no damage.
Edmund says, "I might not be good at magic, but I can still kill you!"
Edmund hits you with a +2 flail of protection!
You die...

.................###
# ################.#
######## ...# #...#
#.# #......)
##.####...### #.#
#.######
##.##.....^.# #.#
#.# ..).........#
#.# #.#
##.##.......# #.#
#.# #.####...### #@#
#.# #.# #...# #@#
#.##### #.#
##.#######.# #.#...#
##.#####......##.#
#...#.#
.............)...##
###...#
##................#
##.##
#..###.'####.###.#
#.# #..# ###...#.#
#.# #.# #..# #._.#.#
#.# #######.# #..#
#...#.#
#.#####.......#


You could see Edmund.

Vanquished Creatures
  A lemure (D:3)
  A necrophage (D:2)
  2 scorpions (D:3)
  2 orc wizards (D:3)
  An adder (D:2)
  2 worms (D:3)
  9 orcs (D:3)
  7 endoplasms
  13 giant cockroaches
  9 goblins
  10 hobgoblins
  2 jackals (D:2)
  A quokka (D:4)
  8 ball pythons
  9 bats
  4 frilled lizards
  2 kobolds
  8 rats
91 creatures vanquished.

Vanquished Creatures (others)
  A fulminant prism (D:4)
  5 fungi (D:1)
  2 plants (D:1)
8 creatures vanquished.

Grand Total: 99 creatures vanquished

Notes
Turn   | Place    | Note
-------+----------+-------------------------------------------
     0 | D:1      | KamiKatze the Octopode Conjurer began the quest for the
                  | Orb.
     0 | D:1      | Reached XP level 1. HP: 11/11 MP: 3/3
   130 | D:1      | Found a faded altar of an unknown god.
   184 | D:1      | Reached XP level 2. HP: 17/17 MP: 3/5
   187 | D:1      | Learned a level 2 spell: Searing Ray
   345 | D:1      | You fall into a shaft and drop 1 floor!
   460 | D:1      | Reached XP level 3. HP: 21/21 MP: 2/6
   992 | D:2      | Noticed a necrophage
  1083 | D:2      | Killed a necrophage
  1084 | D:2      | Reached skill level 1 in Hexes
  1084 | D:2      | Reached skill level 1 in Translocations
  1084 | D:2      | Reached XP level 4. HP: 23/27 MP: 1/8
  1084 | D:2      | Reached XP level 5. HP: 27/31 MP: 1/9
  1167 | D:2      | Identified the +8 spear "Spiderbane" {vorpal, rElec rC+
                  | Str+2}
  1789 | D:3      | Learned a level 4 spell: Fulminant Prism
  1972 | D:3      | Found a radiant altar of Vehumet.
  1973 | D:3      | Found an opulent altar of Gozag.
  1976 | D:3      | Became a worshipper of Vehumet
  2135 | D:3      | Reached XP level 6. HP: 36/36 MP: 3/11
  2678 | D:4      | Noticed Edmund
  2678 | D:4      | Noticed Pikel
  2678 | D:4      | Noticed Robin
  2976 | D:3      | Learned a level 4 spell: Iskenderun's Mystic Blast
  2983 | D:4      | Noticed a black bear
  2989 | D:3      | Slain by Edmund

Illustrated notes

Levels and vault maps discovered:
D:1:      tarquinn_simple_flora_water_d, layout_loops_cross,
          dreamdust_ecumenical_altar_grove
D:2:      layout_rooms, minmay_worlds_worst_comb
D:3:      layout_loops_ring, mainiacjoe_overflow_divided_tiny
D:4:      layout_rooms, serial_shops, kennysheep_little_box, st_stairs_13,
          roderic_batcave, nicolae_wooded_promenade, serial_park_tiny_2,
          dilly_guarded_unrand_throatcut, uniq_edmund, uniq_pikel, uniq_robin

Skill      XL: |  1  2  3  4  5  6 |
---------------+-------------------+-----
Stealth        | 3 4 |  4.0
Spellcasting   | 3 |  3.9
Hexes          | 1 2 |  2.0
Translocations | 1 2 |  2.0
Dodging        | 3 |  3.0
Conjurations   | |  4.7

Action                   |  1- 3 |  4- 6 || total
-------------------------+-------+-------++-------
Melee: Unarmed           |    10 |       ||    10
       Constrict         |    12 |     8 ||    20
       Tentacles         |    10 |    11 ||    21
       Dagger            |    39 |    49 ||    88
       Spear             |       |     3 ||     3
 Cast: Magic Dart        |    44 |    52 ||    96
       Searing Ray       |     1 |    11 ||    12
       Fulminant Prism   |       |     1 ||     1
  Use: Scroll            |     3 |     5 ||     8
       Potion            |       |     3 ||     3
 Stab: Sleeping          |     8 |     7 ||    15
Armor: Skin              |     8 |    23 ||    31
Dodge: Dodged            |    27 |    39 ||    66
